 Dungeon Crawl Stone Soup version 0.31-a0-237-g2d982f9f85 (webtiles) character file.

Game seed: 9172083306045125940

88 qw the Shooter (level 4, -2/36 HPs)
             Began as a Minotaur Hexslinger on July 10, 2023.
             Killed from afar by Sigmund (4 damage)
             ... with a magic dart
             ... on level 2 of the Dungeon.
             The game lasted 00:00:34 (965 turns).

qw the Shooter (Minotaur Hexslinger)                 Turns: 965, Time: 00:00:34

Health: -2/36      AC:  5    Str: 12    XL:     4   Next: 30%
Magic:  4/4        EV: 11    Int: 10    God:
Gold:   77         SH:  0    Dex: 15    Spells: 4/5 levels left

rFire   . . .        Y - +1 sling (heavy)
rCold   . . .        (no shield)
rNeg    . . .        f - +0 ring mail
rPois   .            (helmet restricted)
rElec   .            (no cloak)
rCorr   .            (no gloves)
SInv    .            (no boots)
Will    .....        (no amulet) Stlth
                     (no ring)
HPRegen 0.26/turn    (no ring)
MPRegen 0.09/turn

%: no passive effects
@: confused
A: horns 2, retaliatory headbutt
a: no special abilities


You were on level 2 of the Dungeon.
You visited 1 branch of the dungeon, and saw 2 of its levels.

You collected 77 gold pieces.


Innate Abilities, Weirdness & Mutations

You have a pair of horns on your head.
You reflexively headbutt those who attack you in melee.


   Skills:
 - Level 2.0 Fighting
 + Level 4.6 Ranged Weapons
 - Level 1.1 Armour
 - Level 2.1 Dodging
 - Level 1.0 Spellcasting
 - Level 2.0 Hexes


You had 4 spell levels left.
You knew the following spells:

 Your Spells              Type           Power      Damage    Failure   Level
a - Slow                  Hex            16%        N/A       34%         1

Your spell library contained the following spells:

 Spells                   Type           Power      Damage    Failure   Level
 Inner Flame              Hex/Fire       2%         N/A       83%         3
 Portal Projectile        Hex/Tloc       4%         N/A       83%         3
 Cause Fear               Hex            2%         N/A       98%         4

Inventory:

Hand Weapons
 Y - a +1 heavy sling (weapon)
Armour
 f - a +0 ring mail (worn)
Jewellery
 e - a +6 ring of intelligence
Scrolls
 a - a scroll of identify {unknown}
 c - a scroll of fog {unknown}
 d - a scroll of vulnerability {unknown}
Potions
 b - 2 potions of curing {unknown}
 g - a potion of attraction {unknown}

Dungeon Overview and Level Annotations

Branches:
Dungeon (2/15)

Altars:

Shops:
D:1 [

Annotations:
D:2 Sigmund


Message History

Enter note:
Enter note:
Enter note: Sigmund the Dreaded comes into view.
He is wielding a +0 scythe.
Sigmund shouts!
Sigmund gestures wildly while chanting.
Sigmund flickers and vanishes!
Deactivating autopickup; reactivate with Ctrl-A.
Enter note:
Enter note:
Enter note:
Enter note:
Enter note:
Enter note: You shoot a sling bullet.
You shoot a sling bullet. You shoot a sling bullet. You shoot a sling bullet.
Something hits you. Something hits you!
You shoot a sling bullet. Something barely misses you.
You shoot a sling bullet. Something hits you but does no damage.
You shoot a sling bullet. Something hits you.
You shoot a sling bullet. Something hits you. Something hits you!
You shoot a sling bullet.
You hear some strange, mumbled words.
Something tries to affect you, but you resist.
You shoot a sling bullet.
You hear some strange, mumbled words.
You are confused.
Something hits you.
You shoot a sling bullet. Something hits you.
You shoot a sling bullet.
A magic dart appears from out of thin air!
The magic dart hits you.
You die...

.... #... #...> .....
#..... #....{###
#.......# .. .. #@#
...##. #. #.# <.....
#.## #.### ...#.. #..#
#...#
.......#####.#####.#
.........##...##...#
...##....#..~..#...#
[..........~~~...:.#
.......%.#..~..#..#####


There were no monsters in sight!

Vanquished Creatures
  4 adders (D:2)
  A worm (D:2)
  A dart slug (D:1)
  8 ball pythons
  3 endoplasms
  2 goblins (D:1)
  6 hobgoblins
  4 jackals (D:1)
  2 kobolds (D:1)
  3 quokkas
  7 bats
  3 frilled lizards (D:1)
  4 rats
48 creatures vanquished.

Notes
Turn   | Place    | Note
-------+----------+-------------------------------------------
     0 | D:1      | qw the Minotaur Hexslinger began the quest for the Orb.
     0 | D:1      | Reached XP level 1. HP: 16/16 MP: 1/1
     0 | D:1      | 0 ||| qw: Version: 0.3-a-52-g30416fa
     0 | D:1      | 0 ||| qw: Game counter: 5237
     0 | D:1      | 0 ||| qw: Melee chars always use a shield: true
     0 | D:1      | 0 ||| qw: God list: Okawaru
     0 | D:1      | 0 ||| qw: Allow faded altars: false
     0 | D:1      | 0 ||| qw: Do Orc after clearing Dungeon:15 true
     0 | D:1      | 0 ||| qw: Do second Lair branch before Depths: true
     0 | D:1      | 0 ||| qw: Lair rune preference: random
     0 | D:1      | 0 ||| qw: Goals: Normal
     0 | D:1      | 0 ||| PLANNING D:1-11
   100 | D:1      | Reached skill level 3 in Ranged Weapons
   130 | D:1      | Reached XP level 2. HP: 21/23 MP: 2/2
   171 | D:1      | Found Eretoeg's Armour Shoppe.
   188 | D:1      | 188 ||| SHOPLISTING +0 pair of boots (49 gold, have 26).
   188 | D:1      | 188 ||| SHOPLISTING +1 robe of willpower (139 gold, have
                  | 26).
   328 | D:1      | Found a faded altar of an unknown god.
   331 | D:1      | 331 ||| UPGRADING to +0 leather armour.
   336 | D:1      | 336 ||| UPGRADING to +0 robe.
   348 | D:1      | 348 ||| UPGRADING to +0 leather armour.
   358 | D:1      | 358 ||| DROPPING +0 robe.
   359 | D:1      | 359 ||| UPGRADING to +0 ring mail.
   369 | D:1      | 369 ||| DROPPING +0 leather armour.
   402 | D:1      | Reached XP level 3. HP: 29/29 MP: 3/3
   552 | D:1      | 552 ||| READING scroll labelled YPEICU UTSEPN.
   553 | D:1      | 553 ||| DROPPING scroll of poison.
   589 | D:2      | 589 ||| STAIRDANCE
   611 | D:2      | Reached skill level 4 in Ranged Weapons
   637 | D:2      | Reached skill level 1 in Armour
   698 | D:2      | HP: 6/29 [poisoned by an adder]
   701 | D:2      | Reached XP level 4. HP: 9/36 MP: 4/4
   953 | D:2      | Noticed Sigmund
   961 | D:2      | HP: 9/36 [something (9)]
   964 | D:2      | HP: 2/36 [something (6)]
   965 | D:2      | Killed from afar by Sigmund

Levels and vault maps discovered:
D:1:      minmay_arrival_five_plusses, layout_rooms, serial_shops, shop,
          shapermc_ecumenical_altar_notcrosses
D:2:      layout_rooms, basic_altar, minmay_misc_feat_iff, roderic_lattice_a,
          amcnicky_mini_pool_small, uniq_sigmund

Skill      XL: |  1  2  3 |
---------------+----------+-----
Ranged Weapons | 3 4 |  4.6
Fighting       | 2 |  2.0
Armour         | 1 |  1.1
Dodging        | |  2.1
Spellcasting   | |  1.0
Hexes          | |  2.0

Action                     |  1- 3 |  4- 6 || total
---------------------------+-------+-------++-------
   Fire: Sling             |   114 |    29 ||   143
    Use: Scroll            |     1 |       ||     1
 Armour: Robe              |     7 |       ||     7
         Ring mail         |    12 |    11 ||    23
  Dodge: Dodged            |    51 |     8 ||    59

Table legend:
 A = Non-vault XP
 B = Vault XP
 C = Vault XP percentage of total XP
 D = Non-vault monster count
 E = Vault monster count
 F = Vault count percentage of total count
                 A         B        C        D         E       F
            +---------+---------+-------+---------+---------+-------
      Total |     127 |       0 |   0.0 |      48 |       0 |   0.0
            +---------+---------+-------+---------+---------+-------
        D:1 |      54 |       0 |   0.0 |      33 |       0 |   0.0
        D:2 |      73 |       0 |   0.0 |      15 |       0 |   0.0
            +---------+---------+-------+---------+---------+-------
